 Dungeon Crawl Stone Soup version 0.13-a0-3073-ga7cf4ae (webtiles) character file.

80 Malachi the Magician (level 2, -4/17 HPs)
             Began as a Mummy Wizard on Sept 16, 2013.
             Slain by a gnoll
             ... wielding a +0,+0 spear
              (8 damage)
             ... on Level 1 of the Dungeon.
             The game lasted 00:02:39 (1764 turns).

Malachi the Magician (Mummy Wizard)                 Turns: 1764, Time: 00:02:40

HP  -4/17        AC  2     Str 10      XL: 2   Next: 51%
MP   3/7         EV 12     Int 17      God:
Gold 62          SH  0     Dex 10      Spells:  1 memorised,  6 levels left

Res.Fire  : x . .   See Invis. : .   g - +0 orc club
Res.Cold  : + . .   Warding    : .   a - +0 robe
Life Prot.: + + +   Conserve   : .   (no shield)
Res.Poison: +       Res.Corr.  : .   b - +0 wizard hat
Res.Elec. : .       Clarity    : .   (no cloak)
Sust.Abil.: . .     Spirit.Shd : .   (no gloves)
Res.Mut.  : .       Stasis     : .   (no boots)
Res.Rott. : +       Flight     : .   (no amulet)
Saprovore : . . .                    (no ring)
                                     (no ring)

@: slightly resistant to hostile enchantments, unstealthy
A: no food or potions, fire vulnerability, restore body, cold resistance 1, life
protection 3, poison resistance, torment resistance, unbreathing
a: no special abilities


You were on level 1 of the Dungeon.
You were not hungry.

You visited 1 branch of the dungeon, and saw 2 of its levels.

You collected 42 gold pieces.

Inventory:

Hand weapons
 g - a +0,+0 orcish club (weapon)
Armour
 a - a +0 robe (worn)
 b - a +0 wizard hat (worn)
Scrolls
 e - a scroll of remove curse {unknown}
 f - a scroll of fog {unknown}
 h - a scroll of identify {unknown}
Jewellery
 d - an uncursed ring of protection from magic {unknown}
Books
 c - a book of Minor Magic

   Spells                             Type                      Level
   *Magic Dart                        Conjuration                  1
   Blink                              Translocation                2
   Call Imp                           Summoning                    2
   Repel Missiles                     Charms/Air                   2
   Slow                               Hexes                        2
   Conjure Flame                      Conjuration/Fire             3
   Mephitic Cloud                     Conjuration/Poison/Air       3


   Skills:
 - Level 1.5 Dodging
 - Level 1.5 Stealth
 - Level 3.0 Spellcasting
 * Level 2.1 Conjurations
   Level 0.7 Summonings
   Level 0.7 Translocations


You had 6 spell levels left.
You knew the following spells:

 Your Spells              Type           Power        Failure   Level  Hunger
a - Magic Dart            Conj           #...         10%         1    N/A

Dungeon Overview and Level Annotations

Branches:
Dungeon (2/27)

Altars:


Innate Abilities, Weirdness & Mutations

You do not eat or drink.
Your flesh is vulnerable to fire.
Your flesh is cold resistant.
You are immune to negative energy.
Your system is resistant to poisons.
You are immune to unholy pain and torment.
You can survive without breathing.


Message History

The gnoll hits you but does no damage.
Casting: Magic Dart
Confirm with . or Enter, or press ? or * to list all spells.
Aiming: Magic Dart
Press: ? - help, Shift-Dir - straight line, f/p - gnoll
Aim: a gnoll, wielding a spear (moderately wounded)
The magic dart hits the gnoll.
The gnoll is moderately wounded.
The gnoll hits you with a spear.
Casting: Magic Dart
Confirm with . or Enter, or press ? or * to list all spells.
Aiming: Magic Dart
Press: ? - help, Shift-Dir - straight line, f/p - gnoll
Aim: a gnoll, wielding a spear (moderately wounded)
The magic dart hits the gnoll.
The gnoll is moderately wounded.
The gnoll hits you with a spear.
* * * LOW HITPOINT WARNING * * *
The gnoll hits you from afar with a spear!
You die...

#######################
.......>........@>....#
##############....g...#
#..%.....# ###.######
################.################
.................%...............
################.##########......
#.# #...... ##.##########......


You could see a gnoll.

Vanquished Creatures
  A giant cockroach (D:1)
  3 hobgoblins
  2 jackals (D:1)
  5 bats (D:1)
  A giant gecko (D:1)
  2 goblins (D:1)
  A kobold (D:1)
  4 rats (D:1)
19 creatures vanquished.

Vanquished Creatures (others)
  A goblin (D:1)
1 creature vanquished.

Grand Total: 20 creatures vanquished

Notes
Turn   | Place    | Note
--------------------------------------------------------------
     0 | D:1      | Malachi, the Mummy Wizard, began the quest for the Orb.
     0 | D:1      | Reached XP level 1. HP: 11/11 MP: 5/5
    29 | D:1      | Reached skill level 1 in Conjurations
   360 | D:1      | Reached XP level 2. HP: 17/17 MP: 2/7
  1764 | D:1      | Slain by a gnoll

Action                   || total
-------------------------++-------
Melee: Club              ||     4
       Unarmed           ||     1
 Cast: Magic Dart        ||    54
